 Dungeon Crawl Stone Soup version 0.27.1-3-gb3d3a73c9e (webtiles) character file.

Game seed: 13270284915623037903

1619 Urokeeper the Thaumaturge (level 8, -1/42 HPs)
             Began as a Deep Elf Necromancer on Oct 13, 2021.
             Killed by divine providence
             ... invoked by an orc priest
              (15 damage)
             ... on level 6 of the Dungeon.
             The game lasted 00:36:00 (6969 turns).

Urokeeper the Thaumaturge (Deep Elf Necromancer)    Turns: 6969, Time: 00:36:00

Health: -1/42      AC:  6    Str:  5    XL:     8   Next: 64%
Magic:  16/24      EV: 13    Int: 29    God:
Gold:   206        SH:  0    Dex: 15    Spells: 19/28 levels left

rFire    + + .     SeeInvis .   A - +4 spear (vorpal)
rCold    . . .     Faith    .   (no shield)
rNeg     . . .     Spirit   .   E - +1 robe {rC+ rF+}
rPois    .         Reflect  .   r - +0 helmet
rElec    .         Harm     .   (no cloak)
rCorr    .         Rampage  .   d - +0 pair of gloves
Will     .....                  s - +0 pair of boots
Stlth    ++........             (no amulet)
HPRegen  0.14/turn              b - +6 ring of intelligence
MPRegen  0.19/turn              e - ring of fire

@: about to teleport
A: no striking features
a: no special abilities


You were on level 6 of the Dungeon.
You visited 1 branch of the dungeon, and saw 6 of its levels.

You collected 206 gold pieces.

Inventory:

Hand Weapons
 c - a +0 dagger
 j - a +0 quarterstaff
 A - a +4 vorpal spear (weapon)
Missiles
 h - a throwing net
Armour
 a - a +0 robe
 d - a +0 pair of gloves (worn)
 f - a +0 buckler
 r - a +0 helmet (worn)
 s - a +0 pair of boots (worn)
 z - a +2 robe of cold resistance
 E - a +1 robe of resistance (worn)
Magical Staves
 g - a staff of air
 B - a staff of fire
Jewellery
 b - a +6 ring of intelligence (left hand)
 e - a ring of fire (right hand)
Wands
 y - a wand of flame (11)
Scrolls
 k - 2 scrolls of magic mapping
 l - a scroll of fog
 o - 3 scrolls of noise
 p - a scroll of fear
 u - a scroll of summoning {unknown}
 C - a scroll of immolation {unknown}
Potions
 n - 2 potions of might
 q - a potion of lignification
 t - a potion of resistance {unknown}
 v - a potion of ambrosia {unknown}
 w - a potion of invisibility {unknown}
 x - a potion of magic {unknown}
 D - a potion of berserk rage {unknown}
 F - a potion of flight {unknown}
 G - a potion of heal wounds {unknown}


   Skills:
 + Level 0.4 Fighting
 + Level 0.6(0.7) Polearms
 + Level 0.1(0.5) Staves
 + Level 3.2 Dodging
 + Level 3.3 Stealth
 + Level 10.5 Spellcasting
 + Level 9.3 Necromancy
 + Level 2.3 Evocations


You had 19 spell levels left.
You knew the following spells:

 Your Spells              Type           Power      Damage    Failure   Level
a - Pain                  Necr           100%       1d9       1%          1
b - Animate Skeleton      Necr           100%       N/A       1%          1
c - Vampiric Draining     Necr           31%        2d10      1%          3
d - Animate Dead          Necr           31%        N/A       1%          4

Your spell library contained the following spells:

 Spells                   Type           Power      Damage    Failure   Level
 Agony                    Necr           62%        N/A       2%          5
 Blink                    Tloc           N/A        N/A       5%          2
 Lesser Beckoning         Tloc           7%         N/A       11%         3
 Ozocubu's Armour         Ice            15%        N/A       11%         3
 Hailstorm                Conj/Ice       15%        3d5       34%         4
 Ice Form                 Ice/Tmut       15%        N/A       34%         4
 Simulacrum               Ice/Necr       21%        N/A       63%         6
 Manifold Assault         Tloc           15%        N/A       69%         5
 Metabolic Englaciation   Hex/Ice        7%         N/A       69%         5


Dungeon Overview and Level Annotations

Branches:
Dungeon (6/15)
 Temple: D:4-7

Altars:
Ru

Shops:
D:3 *   D:4 *


Message History

The black bear goes berserk!
Casting: Vampiric Draining (safe; 1% risk of failure)
Confirm with . or Enter, or press ? or * to list all spells.
You call on the dead to rise...
The dead are walking!
An orc priest comes into view. It is wielding a +0 flail.
The black bear barely misses you. The black bear closely misses you.
The black bear claws you. The black bear bites you.
The black bear claws you but does no damage.
The black bear claws you.
The orc priest moves out of view.
Edmund hits the black bear.
The black bear bites Edmund.
The black bear barely misses Edmund.
The black bear claws Edmund but does no damage.
The black bear bites Edmund.
The black bear claws Edmund. x2
Edmund is destroyed!
The black bear closely misses you.
The black bear claws you but does no damage.
The black bear claws you.
Casting: Animate Dead (dangerous; 1% risk of failure)
Confirm with . or Enter, or press ? or * to list all spells.
Aiming: Vampiric Draining (safe; 1% risk of failure)
Press: ? - help, Shift-Dir - straight line, f/p - black bear
Aim: a black bear (severely wounded, berserk)
You draw life force from the black bear!
You feel life coursing into your body. The black bear bites you.
The black bear claws you. x2
* * * LOW HITPOINT WARNING * * *
Casting: Vampiric Draining (safe; 1% risk of failure)
Confirm with . or Enter, or press ? or * to list all spells.
Aiming: Vampiric Draining (safe; 1% risk of failure)
Press: ? - help, Shift-Dir - straight line, f/p - black bear
Aim: a black bear (almost dead, berserk)
You draw life force from the black bear.
You kill the black bear!
You feel life coursing into your body.
As you read the scroll of teleportation, it crumbles to dust.
You feel strangely unstable.
The orc priest casts a cantrip, but nothing happens.
The orc priest invokes the aid of Beogh against you.
Beogh smites you!
You die...

#.#.. .[ # #.#.#
#.##
#.##.#.##.....
#........Z# #.
####<#.##.#...
........#)# ..
...######.##.#.#
#....#...
#@##.#.#? #.#
.... #.# .#.# #
#†##.#.##.#
#.o[..o....
#.#.##.##.
#...)..#
######.# .#


You could see an orc priest.

Vanquished Creatures
  Pikel (D:5)
  Edmund (D:6)
  A black bear (D:6)
  A necrophage (D:5)
  2 ogres
  A kobold brigand (D:6)
  Blork the orc (D:4)
  2 scorpions (D:5)
  2 howler monkeys (D:5)
  A jelly (D:5)
  An orc priest (D:3)
  A hound (D:5)
  An iguana (D:4)
  2 orc wizards (D:3)
  A howler monkey zombie (D:5)
  6 adders
  3 gnolls (D:4)
  A worm (D:2)
  3 dart slugs
  11 orcs
  5 endoplasms
  A giant cockroach (D:3)
  3 goblins
  8 hobgoblins
  12 jackals
  5 kobolds
  5 quokkas
  9 ball pythons
  5 bats
  8 frilled lizards
  6 rats
110 creatures vanquished.

Notes
Turn   | Place    | Note
-------+----------+-------------------------------------------
     0 | D:1      | Urokeeper the Deep Elf Necromancer began the quest for the
                  | Orb.
     0 | D:1      | Reached XP level 1. HP: 10/10 MP: 6/6
     2 | D:1      | Learned a level 1 spell: Animate Skeleton
   157 | D:1      | Reached skill level 5 in Necromancy
   587 | D:1      | Reached XP level 2. HP: 12/15 MP: 5/8
  1604 | D:2      | Reached XP level 3. HP: 17/19 MP: 7/10
  2046 | D:2      | Reached skill level 4 in Spellcasting
  2648 | D:2      | Reached XP level 4. HP: 11/24 MP: 2/12
  2879 | D:3      | Learned a level 3 spell: Vampiric Draining
  3326 | D:3      | Reached skill level 5 in Spellcasting
  3470 | D:3      | Reached XP level 5. HP: 27/28 MP: 7/14
  3940 | D:3      | Found a faded altar of an unknown god.
  4060 | D:3      | Found Kegical's Assorted Antiques.
  4234 | D:3      | Learned a level 4 spell: Animate Dead
  4554 | D:4      | Noticed Blork the orc
  4572 | D:4      | Killed Blork the orc
  4573 | D:4      | Reached skill level 6 in Spellcasting
  4573 | D:4      | Reached XP level 6. HP: 1/32 MP: 10/17
  4894 | D:4      | Found a sacrificial altar of Ru.
  5059 | D:4      | Found Veyjuplae's General Store.
  5072 | D:4      | Reached skill level 7 in Spellcasting
  5733 | D:5      | Entered Level 5 of the Dungeon
  5752 | D:5      | Reached skill level 1 in Evocations
  5752 | D:5      | Reached XP level 7. HP: 22/36 MP: 20/20
  6083 | D:5      | Reached skill level 8 in Spellcasting
  6189 | D:5      | Noticed Pikel
  6211 | D:5      | Killed Pikel
  6212 | D:5      | Reached skill level 9 in Spellcasting
  6212 | D:5      | Reached XP level 8. HP: 34/41 MP: 6/23
  6810 | D:6      | Noticed Edmund
  6834 | D:6      | Killed Edmund
  6835 | D:6      | Reached skill level 10 in Spellcasting
  6969 | D:6      | Killed from afar by an orc priest

Illustrated notes

Levels and vault maps discovered:
D:1:      beargit_arrival_diablo_church, layout_loops_ring, minmay_tromino_mix6
D:2:      layout_loops_ring
D:3:      layout_basic, hellmonk_ecumenical_altar_heavens_door, serial_shops,
          nicolae_shop_behind_doors, chequers_avenue, minmay_cupped
D:4:      layout_cave_pods, hangedman_ru_absence, serial_shops, shop,
          serial_column_ruins, column_ruins_hut, column_ruins_circle_large,
          column_ruins_grid_1, column_ruins_corridor_straight,
          column_ruins_open_tiny, column_ruins_open_small_water,
          column_ruins_columns_straight, kennysheep_generic_room_15,
          uniq_blork_the_orc
D:5:      layout_basic, uniq_pikel
D:6:      layout_loops_corners, nicolae_overflow_hidden_temple, serial_shops,
          nicolae_shop_overgrown_old_shop, minmay_diced_spiral, uniq_edmund

Skill      XL: |  1  2  3  4  5  6  7  8 |
---------------+-------------------------+-----
Necromancy     | 5 6 7 8 9 |  9.3
Spellcasting   | 4 5 6 7 9 10 | 10.5
Stealth        | 3 |  3.3
Evocations     | 1 2 |  2.3
Dodging        | 3 |  3.2
Fighting       | |  0.4
Polearms       | |  0.6
Staves         | |  0.1

Action                   |  1- 3 |  4- 6 |  7- 9 || total
-------------------------+-------+-------+-------++-------
Melee: Quarterstaff      |     6 |       |       ||     6
       Staff             |       |    13 |       ||    13
       Spear             |       |    10 |    29 ||    39
 Cast: Pain              |    92 |    69 |    26 ||   187
       Animate Skeleton  |     2 |       |     1 ||     3
       Vampiric Draining |       |     7 |    18 ||    25
       Animate Dead      |       |       |     1 ||     1
Evoke: Wand              |       |    17 |     3 ||    20
  Use: Scroll            |       |     5 |     2 ||     7
       Potion            |       |     1 |     1 ||     2
Armor: Robe              |     3 |     5 |    13 ||    21
Dodge: Dodged            |    12 |    18 |    28 ||    58
